 Dungeon Crawl Stone Soup version 0.30.1-9-gdf580d7c3d (webtiles) character file.

Game seed: 9891451929945312213

57 Ivernyr the Shield-Bearer (level 4, 37/37 HPs)
             Began as a Formicid Fighter on Oct 6, 2023.
             Got out of the dungeon alive.
             The game lasted 00:02:10 (1253 turns).

Ivernyr the Shield-Bearer (Formicid Fighter)        Turns: 1253, Time: 00:02:11

Health: 37/37      AC:  7    Str: 22    XL:     4   Next: 18%
Magic:  4/4        EV:  9    Int:  8    God:
Gold:   83         SH:  5    Dex: 13    Spells: 3/3 levels left

rFire   . . .        a - +0 flail
rCold   . . .        c - +0 buckler
rNeg    . . .        b - +0 scale mail
rPois   .            (helmet unavailable)
rElec   .            (no cloak)
rCorr   .            (no gloves)
SInv    +            (no boots)
Will    .....        (no amulet) Stlth
                     (no ring)
HPRegen 0.26/turn    (no ring)
MPRegen 0.09/turn

%: no passive effects
@: no status effects
A: permanent stasis, dig shafts and tunnels, antennae 3, four strong arms
a: Dig, Shaft Self


You escaped.
You visited 1 branch of the dungeon, and saw 2 of its levels.

You collected 83 gold pieces.

Inventory:

Hand Weapons
 a - a +0 flail (weapon)
Armour
 b - a +0 scale mail (worn)
 c - a +0 buckler (worn)
Scrolls
 e - a scroll of enchant armour {unknown}
 i - a scroll of teleportation {unknown}
 j - a scroll of butterflies {unknown}
 k - a scroll of vulnerability {unknown}
 l - a scroll of identify {unknown}
Potions
 d - a potion of might
 f - a potion of haste {unknown}
 g - a potion of lignification {unknown}
 h - 2 potions of heal wounds {unknown}


   Skills:
 + Level 3.7 Fighting
 * Level 3.0 Maces & Flails
 + Level 3.7 Armour
 + Level 4.5 Shields


You had 3 spell levels left.
You didn't know any spells.
Your spell library contained the following spells:

 Spells                   Type           Power      Damage    Failure   Level
 Kiss of Death            Conj/Necr      0%         2d5       80%         1
 Confusing Touch          Hex            0%         N/A       99%         3
 Dispel Undead            Necr           0%         3d6       100%        4


Dungeon Overview and Level Annotations

Branches:
Dungeon (2/15)

Altars:


Innate Abilities, Weirdness & Mutations

You cannot be hasted, slowed, berserked, paralysed or teleported.
You can dig through walls and to a lower floor.
You have a pair of large antennae on your head. (SInv)
Your four strong arms can wield two-handed weapons with a shield.


Message History

The adder bites you but does no damage. You block the kobold's attack.
You miss the adder.
The adder is almost dead.
The adder completely misses you. You block the kobold's attack.
You miss the adder.
The adder is almost dead.
The adder bites you but does no damage. The kobold hits you but does no damage.
The adder bites you but does no damage.
You closely miss the kobold. The adder bites you but does no damage.
The kobold hits you but does no damage. The adder bites you but does no damage.
You block the kobold's attack.
You thump the kobold!
You kill the kobold!
The adder completely misses you.
Your Maces & Flails skill increases to level 3!
You have reached level 4!
You feel clever.
You miss the adder.
The adder is almost dead.
You block the adder's attack. The adder barely misses you.
You barely miss the adder.
The adder is almost dead.
The adder bites you but does no damage. The adder closely misses you.
You hit the adder.
You kill the adder!
You see here an adder corpse.
(D) Dungeon
Where to? (Enter - D:2, ? - help)
What level of the Dungeon? (default 1, ? - help)
There is an escape hatch in the ceiling here.
There is an open door here.
You open the door.
There is an open door here.
There is a stone staircase leading up here.
You climb upwards.
There is a stone staircase leading down here.
There is an escape hatch in the floor here.
There is a staircase leading out of the dungeon here.
Are you sure you want to leave the Dungeon?
This will make you lose the game!
You have escaped!

#.#.# #.#.#.# #.#.### #.#.#.#
#.#...# #.#.#.##
#.###.###.#....#######
#.#...................
#..........#....######
#......⌠..###.#.......
#.........# #.#######.
#..∩.@>...###.######8.
############.........#........##.
#.....(...........⌠..#.#.########
#.###.###.#...................###
#.# #.#......#......#..#.####....
#.# #.#.#.#.####.#####.##########
#.# #.....#.# #.#.........#
#.#####.###.# #.#.###.###.#
.#......# #.# #.#.# #.# #.#


There were no monsters in sight!

Vanquished Creatures
  An adder (D:2)
  2 adder zombies (D:2)
  A dart slug (D:1)
  A bat zombie (D:2)
  An endoplasm (D:2)
  A giant cockroach (D:1)
  3 goblins
  2 hobgoblins (D:2)
  5 jackals
  6 kobolds
  A quokka (D:2)
  2 ball pythons (D:2)
  A ball python skeleton (D:2)
  A ball python zombie (D:2)
  2 bats (D:1)
  5 frilled lizards
  A giant cockroach zombie (D:2)
  4 rats
40 creatures vanquished.

Notes
Turn   | Place    | Note
-------+----------+-------------------------------------------
     0 | D:1      | Ivernyr the Formicid Fighter began the quest for the Orb.
     0 | D:1      | Reached XP level 1. HP: 18/18 MP: 1/1
   160 | D:1      | Reached XP level 2. HP: 24/24 MP: 2/2
   596 | D:1      | Reached XP level 3. HP: 29/29 MP: 3/3
  1151 | D:2      | Reached XP level 4. HP: 26/37 MP: 4/4
  1253 | D:$      | Got out of the dungeon alive.

Illustrated notes

Levels and vault maps discovered:
D:1:      wander_arrival_desolate, layout_loops_ring, chequers_hall_statues_y,
          minmay_heptomino_d4
D:2:      layout_loops_corners, serial_undead, serial_undead_e, serial_undead_e,
          serial_undead_f, serial_undead_c, serial_undead_c, serial_undead_c,
          serial_undead_b, serial_undead_e, serial_undead_f, serial_undead_a

Skill      XL: |  1  2  3 |
---------------+----------+-----
Maces & Flails | 3 |  3.0
Fighting       | |  3.7
Armour         | |  3.7
Shields        | |  4.5

Action                     |  1- 3 |  4- 6 || total
---------------------------+-------+-------++-------
  Melee: Flail             |   101 |     3 ||   104
 Armour: Scale mail        |    46 |     1 ||    47
  Dodge: Dodged            |    48 |     2 ||    50
  Block: Buckler           |    29 |     1 ||    30
